 Dungeon Crawl Stone Soup version 0.31-a0-267-g3fc6992b3b (webtiles) character file.

Game seed: 12234823037006633648

50 qw the Shooter (level 3, -8/29 HPs)
             Began as a Minotaur Hexslinger on July 13, 2023.
             Killed from afar by Ijyb (14 damage)
             ... with a bolt of light
             ... on level 3 of the Dungeon.
             The game lasted 00:00:33 (1502 turns).

qw the Shooter (Minotaur Hexslinger)                Turns: 1502, Time: 00:00:34

Health: -8/29      AC:  3    Str: 12    XL:     3   Next: 55%
Magic:  3/3        EV: 12    Int: 10    God:
Gold:   115        SH:  0    Dex: 20    Spells: 3/4 levels left

rFire   . . .        Y - +2 sling
rCold   . . .        (no shield)
rNeg    . . .        i - +0 leather armour
rPois   .            (helmet restricted)
rElec   .            (no cloak)
rCorr   .            (no gloves)
SInv    .            (no boots)
Will    .....        h - amulet of the acrobat
Stlth   +            f - +6 ring of dexterity
HPRegen 0.24/turn    (no ring)
MPRegen 0.08/turn

%: acrobat
@: confused
A: horns 2, retaliatory headbutt
a: no special abilities


You were on level 3 of the Dungeon.
You visited 1 branch of the dungeon, and saw 3 of its levels.

You collected 115 gold pieces.


Innate Abilities, Weirdness & Mutations

You have a pair of horns on your head.
You reflexively headbutt those who attack you in melee.


   Skills:
 - Level 2.0 Fighting
 + Level 4.1 Ranged Weapons
 - Level 2.1 Dodging
 - Level 1.0 Spellcasting
 - Level 2.0 Hexes


You had 3 spell levels left.
You knew the following spells:

 Your Spells              Type           Power      Damage    Failure   Level
a - Slow                  Hex            16%        N/A       19%         1

Your spell library contained the following spells:

 Spells                   Type           Power      Damage    Failure   Level
 Inner Flame              Hex/Fire       2%         N/A       65%         3
 Portal Projectile        Hex/Tloc       4%         N/A       65%         3
 Cause Fear               Hex            2%         N/A       88%         4

Inventory:

Hand Weapons
 Y - a +2 sling (weapon)
Armour
 c - a +0 pair of boots
 g - a +0 ring mail
 i - a +0 leather armour (worn)
Jewellery
 f - a +6 ring of dexterity (left hand)
 h - an amulet of the acrobat (around neck)
Scrolls
 a - a scroll of noise {unknown}
 b - a scroll of identify
Potions
 d - a potion of lignification {unknown}
 e - a potion of might {unknown}

Dungeon Overview and Level Annotations

Branches:
Dungeon (3/15)

Altars:
Cheibriados

Shops:
D:1 [

Annotations:
D:3 Ijyb


Message History

Found a sling.
Found a stone staircase leading down.
Enter note:
Enter note: You shoot a sling bullet.
The sling bullet hits the ball python.
You kill the ball python!
Ijyb the Twisted Goblin comes into view.
She is wielding a +0 club, wearing a +2 chain mail of cold resistance and carrying a wand of light.
There is an open door here.
Enter note:
Enter note: You shoot a sling bullet.
The sling bullet hits Ijyb.
Ijyb shouts!
Ijyb is lightly wounded.
You shoot a sling bullet.
The sling bullet hits Ijyb but does no damage.
Ijyb is lightly wounded.
Ijyb zaps a wand.
The bolt of light misses you.
You shoot a sling bullet.
The sling bullet hits Ijyb but does no damage.
Ijyb is lightly wounded.
You shoot a sling bullet.
The sling bullet hits Ijyb but does no damage.
Ijyb is lightly wounded.
A hobgoblin comes into view.
You shoot a sling bullet.
The sling bullet hits Ijyb but does no damage.
Ijyb is lightly wounded.
You shoot a sling bullet. The sling bullet closely misses Ijyb.
Ijyb barely misses you.
You shoot a sling bullet. The sling bullet barely misses Ijyb.
The sling bullet hits the hobgoblin.
The hobgoblin is almost dead.
Ijyb zaps a wand.
The bolt of light hits you!
Ijyb zaps a wand.
The bolt of light misses you.
You shoot a sling bullet. The sling bullet barely misses Ijyb.
The sling bullet closely misses the hobgoblin.
Ijyb zaps a wand.
The bolt of light hits you!
You shoot a sling bullet. The sling bullet barely misses Ijyb.
Ijyb zaps a wand.
The bolt of light hits you!
You are confused.
You die...

##.......##
#.........###
+..>........
#.......)..
#.......#
#.....# #.gg#
#@# #.#
#.######.#
##........#
##...#######
#.....#
##...## ##.##
.######.#


You could see Ijyb and a hobgoblin.

Vanquished Creatures
  2 worms (D:2)
  2 dart slugs
  7 ball pythons
  2 endoplasms
  A giant cockroach (D:2)
  2 goblins (D:1)
  2 hobgoblins (D:1)
  4 jackals (D:2)
  6 kobolds
  A quokka (D:1)
  6 bats (D:1)
  2 rats (D:1)
37 creatures vanquished.

Notes
Turn   | Place    | Note
-------+----------+-------------------------------------------
     0 | D:1      | qw the Minotaur Hexslinger began the quest for the Orb.
     0 | D:1      | Reached XP level 1. HP: 16/16 MP: 1/1
     0 | D:1      | 0 ||| qw: Version: 0.3-a-52-g30416fa
     0 | D:1      | 0 ||| qw: Game counter: 7661
     0 | D:1      | 0 ||| qw: Melee chars always use a shield: true
     0 | D:1      | 0 ||| qw: God list: Okawaru
     0 | D:1      | 0 ||| qw: Allow faded altars: false
     0 | D:1      | 0 ||| qw: Do Orc after clearing Dungeon:15 true
     0 | D:1      | 0 ||| qw: Do second Lair branch before Depths: true
     0 | D:1      | 0 ||| qw: Lair rune preference: random
     0 | D:1      | 0 ||| qw: Goals: Normal
     0 | D:1      | 0 ||| PLANNING D:1-11
   230 | D:1      | Reached skill level 3 in Ranged Weapons
   231 | D:1      | Reached XP level 2. HP: 23/23 MP: 2/2
   497 | D:1      | Found Ysyket's Antique Armour Emporium.
   503 | D:1      | 503 ||| SHOPLISTING embroidered cloak (150 gold, have 51).
   503 | D:1      | 503 ||| SHOPLISTING ring mail (80 gold, have 51).
   577 | D:1      | 577 ||| UPGRADING to +0 leather armour.
   587 | D:1      | 587 ||| DROPPING +0 robe.
   588 | D:1      | 588 ||| UPGRADING to +6 ring of dexterity.
   589 | D:1      | 589 ||| READING scroll labelled LOSUMI LALUGUTT.
   590 | D:1      | 590 ||| READING scroll labelled MIDGHO VAUWI.
   591 | D:1      | 591 ||| READING scroll labelled PEOFUO CUITTU.
   592 | D:1      | 592 ||| DROPPING scroll of poison.
   730 | D:2      | Reached XP level 3. HP: 29/29 MP: 3/3
   733 | D:2      | Found a snail-covered altar of Cheibriados.
  1091 | D:2      | Reached skill level 4 in Ranged Weapons
  1329 | D:2      | 1329 ||| UPGRADING to amulet of the acrobat.
  1334 | D:2      | 1334 ||| READING scroll labelled HAUNKE BIQETZ.
  1335 | D:2      | 1335 ||| READING scroll labelled TEZ YCWIOLUOKH.
  1339 | D:2      | 1339 ||| READING scroll labelled TATYWA ASKOC.
  1493 | D:3      | Noticed Ijyb
  1501 | D:3      | HP: 6/29 [Ijyb/bolt of light (14)]
  1502 | D:3      | Killed from afar by Ijyb

Levels and vault maps discovered:
D:1:      dreamdust_arrival_sigmund_warning, layout_loops_ring, serial_shops,
          shop
D:2:      layout_basic, basic_altar
D:3:      layout_loops_corners, roderic_roman_lattice, uniq_ijyb

Skill      XL: |  1  2  3 |
---------------+----------+-----
Ranged Weapons | 3 4 |  4.1
Fighting       | 2 |  2.0
Dodging        | |  2.1
Spellcasting   | |  1.0
Hexes          | |  2.0

Action                     || total
---------------------------++-------
   Fire: Sling             ||   110
    Use: Scroll            ||     6
 Armour: Robe              ||     6
         Leather armour    ||     1
  Dodge: Dodged            ||    32

Table legend:
 A = Non-vault XP
 B = Vault XP
 C = Vault XP percentage of total XP
 D = Non-vault monster count
 E = Vault monster count
 F = Vault count percentage of total count
                 A         B        C        D         E       F
            +---------+---------+-------+---------+---------+-------
      Total |      72 |       0 |   0.0 |      37 |       0 |   0.0
            +---------+---------+-------+---------+---------+-------
        D:1 |      33 |       0 |   0.0 |      21 |       0 |   0.0
        D:2 |      31 |       0 |   0.0 |      13 |       0 |   0.0
        D:3 |       8 |       0 |   0.0 |       3 |       0 |   0.0
            +---------+---------+-------+---------+---------+-------
